 Dungeon Crawl Stone Soup version 0.18.1-48-g4cf74bf (webtiles) character file.

12459 nikopol the Spear-Bearer (level 11, -7/101 HPs)
             Began as a Minotaur Berserker on July 10, 2016.
             Was a High Priest of Trog.
             Mangled by a komodo dragon (24 damage)
             ... on level 1 of the Lair of Beasts.
             The game lasted 00:46:50 (11775 turns).

nikopol the Spear-Bearer (Minotaur Berserker)      Turns: 11775, Time: 00:46:50

Health: -7/101     AC:  9    Str: 25    XL:     11   Next: 62%
Magic:  3/3        EV: 16    Int:  4    God:    Trog [*****.]
Gold:   576        SH:  0    Dex: 13    Spells: 0 memorised, 10 levels left

rFire  . . .     SeeInvis .     x - +2 spear (antimagic)
rCold  + . .     Gourm    .     a - +1 leather armour {rC+}
rNeg   . . .     Faith    .     (no shield)
rPois  .         Spirit   .     s - +1 hat
rElec  .         Dismiss  .     H - +0 cloak
rCorr  .         Reflect  .     M - +0 pair of gloves
SustAt .         Harm     .     (no boots)
MR     .....                    (no amulet)
Stlth  ++........               Z - ring of stealth
                                O - +3 ring of strength

@: drained, not resistant to hostile enchantments, unstealthy
A: retaliatory headbutt, horns 2
a: Berserk, Trog's Hand, Brothers in Arms, Burn Spellbooks, Renounce Religion


You were on level 1 of the Lair of Beasts.
You worshipped Trog.
Trog was extremely pleased with you.
You were very hungry.

You visited 2 branches of the dungeon, and saw 12 of its levels.
You also visited: Ossuary.

You collected 576 gold pieces.

Inventory:

Hand Weapons
 b - a +0 spear
 c - a +0 shortbow
 x - a +2 antimagic spear (weapon)
Missiles
 u - 72 arrows (quivered)
Armour
 a - a +1 leather armour of cold resistance (worn)
 m - a +1 scale mail
 s - a +1 hat (worn)
 H - a +0 cloak (worn)
 M - a +0 pair of gloves (worn)
Jewellery
 j - an uncursed ring of positive energy
 L - an uncursed ring of magical power
 O - a +3 ring of strength (left hand)
 Z - a ring of stealth (right hand)
Wands
 X - a wand of teleportation (1/9)
Scrolls
 g - 2 scrolls of enchant armour
 i - 9 scrolls of teleportation
 v - 2 scrolls of blinking {unknown}
 y - 3 scrolls of remove curse
 D - 2 scrolls of magic mapping {unknown}
 E - 2 scrolls of fog {unknown}
 G - 5 scrolls of recharging
 I - a scroll of enchant weapon {unknown}
 K - 2 scrolls of immolation {unknown}
 R - a scroll of acquirement {unknown}
 S - a scroll of noise {unknown}
 U - a scroll of vulnerability {unknown}
 W - a scroll of torment {unknown}
Potions
 e - 2 potions of brilliance
 h - 6 potions of lignification
 l - 2 potions of flight
 n - 11 potions of curing
 o - a potion of degeneration
 p - 6 potions of heal wounds
 r - a potion of berserk rage
 t - 3 potions of haste
 w - 7 potions of ambrosia
 z - 2 potions of mutation
 A - a potion of resistance
 B - a potion of agility
 C - a potion of might
 F - 2 potions of magic
 Q - a potion of cure mutation
Miscellaneous
 P - a phial of floods
Comestibles
 f - a slice of pizza
 k - 2 meat rations
 q - 10 bread rations
 N - 7 fruits


   Skills:
 + Level 10.3(9.5) Fighting
 * Level 12.0(11.1) Polearms
 * Level 8.2(7.4) Bows
 + Level 10.0(9.2) Armour
 + Level 9.4(8.6) Dodging


You had 10 spell levels left.
You didn't know any spells.

Dungeon Overview and Level Annotations

Branches:
Dungeon (11/15)            Temple (0/1) D:4            Lair (1/8) D:10
    Orc (0/2) D:10

Altars:
Dithmenos
Elyvilon
Nemelex Xobeh
Okawaru
Sif Muna
Xom
Zin

Shops:
D:11 %


Innate Abilities, Weirdness & Mutations

You reflexively headbutt those who attack you in melee.
You have a pair of horns on your head.


Message History

The komodo dragon is heavily wounded.
The komodo dragon bites you!!
You hit the komodo dragon but do no damage.
You headbutt the komodo dragon!
The komodo dragon is severely wounded.
You hit the komodo dragon.
The komodo dragon is severely wounded.
The komodo dragon barely misses you.
You hit the komodo dragon but do no damage.
The komodo dragon is severely wounded.
You hit the komodo dragon but do no damage.
The komodo dragon is severely wounded.
The komodo dragon bites you!!
* * * LOW HITPOINT WARNING * * *
You hit the komodo dragon. You headbutt the komodo dragon!
The komodo dragon is almost dead.
You barely miss the komodo dragon. Your headbutt misses the komodo dragon.
The komodo dragon is almost dead.
The komodo dragon bites you!!
You die...

##..#.......
#..........
##..###.#.# #...##
###....### ####
#........#
(....#####.###...#
.(......#..# #..>P
...(.(.!l@## #...
....(....## #..
...(.....# #.
.((...#.##
.....#..#
...###.## ..# ..
## #.#


You could see a komodo dragon.

Vanquished Creatures
  The ghost of Aksel the Slicer, a novice HESk of Okawaru (D:7)
  3 hill giants
  A deep elf mage (D:10)
  2 cyclopes (D:11)
  2 komodo dragons
  A two-headed ogre (D:9)
  A spriggan (D:7)
  A yak (Lair:1)
  Eustachio (D:6)
  3 hippogriffs
  2 hungry ghosts
  The ghost of Aquadorian the Cutter, an amateur DrWn (D:4)
  Edmund (D:4)
  A mottled dragon (D:9)
  Menkaure (D:7)
  A water moccasin (D:5)
  Duvessa (D:5)
  3 ice beasts
  A black bear (D:11)
  4 orc warriors
  4 sky beasts
  2 eyes of draining
  2 phantoms
  6 ogres
  3 centaurs
  6 big kobolds
  9 giant frogs
  A gnoll sergeant (D:10)
  A wyvern zombie (Ossuary)
  2 water moccasin zombies (Ossuary)
  A wyvern skeleton (D:10)
  Dowan (D:5)
  13 killer bees
  7 bog bodies (Ossuary)
  2 giant frog zombies
  3 hounds
  4 centaur zombies
  Crazy Yiuf (D:5)
  A centaur skeleton (D:9)
  3 giant frog skeletons
  7 worker ants
  Terence (D:2)
  An iguana (D:4)
  6 orc wizards
  2 killer bee zombies (Ossuary)
  6 hound zombies
  5 mummies (Ossuary)
  3 worker ant zombies (Ossuary)
  A howler monkey zombie (Ossuary)
  10 gnolls
  13 adders
  An ooze (D:5)
  2 adder zombies
  3 adder skeletons
  A worm (D:3)
  3 dart slugs
  9 giant geckos
  23 orcs
  3 ball pythons
  6 giant cockroaches
  5 goblins
  3 hobgoblins
  4 jackals (D:3)
  5 quokkas
  5 bats
  A giant gecko skeleton (D:6)
  2 giant gecko zombies (Ossuary)
  A giant newt (D:7)
  12 kobolds
  8 rats
  A plant (D:10)
257 creatures vanquished.

Vanquished Creatures (collateral kills)
  The ghost of tyranidshit the Necromancer, a journeyman DDNe of Makhleb (D:11)
1 creature vanquished.

Vanquished Creatures (others)
  A quokka (D:4)
  11 plants (D:10)
12 creatures vanquished.

Grand Total: 270 creatures vanquished

Notes
Turn   | Place    | Note
--------------------------------------------------------------
     0 | D:1      | nikopol the Minotaur Berserker began the quest for the Orb.
     0 | D:1      | Reached XP level 1. HP: 19/19 MP: 0/0
   435 | D:1      | Reached XP level 2. HP: 27/27 MP: 1/1
   777 | D:1      | Reached ** piety under Trog
  1050 | D:2      | Reached XP level 3. HP: 18/33 MP: 2/2
  1299 | D:2      | Found a shimmering altar of Xom.
  1303 | D:2      | Found a glowing silver altar of Zin.
  1562 | D:2      | Noticed Terence
  1578 | D:2      | Killed Terence
  1578 | D:2      | Reached skill level 4 in Polearms
  1578 | D:2      | Reached XP level 4. HP: 40/40 MP: 3/3
  1810 | D:2      | Found a shadowy altar of Dithmenos.
  2033 | D:3      | Found a faded altar to an unknown god.
  2388 | D:3      | Reached XP level 5. HP: 42/47 MP: 4/4
  2758 | D:4      | Found a staircase to the Ecumenical Temple.
  2971 | D:4      | Noticed an ogre
  2973 | D:4      | Noticed Edmund
  2977 | D:4      | Killed an ogre
  2977 | D:4      | Reached skill level 5 in Fighting
  2977 | D:4      | Reached skill level 5 in Polearms
  2977 | D:4      | Reached XP level 6. HP: 47/56 MP: 5/5
  2985 | D:4      | Killed Edmund
  3141 | D:4      | Found a white marble altar of Elyvilon.
  3225 | D:4      | Reached skill level 5 in Armour
  3289 | D:4      | Noticed Aquadorian's ghost (amateur DrWn)
  3305 | D:4      | Killed Aquadorian's ghost
  3305 | D:4      | Reached XP level 7. HP: 62/62 MP: 6/6
  3457 | D:5      | Entered Level 5 of the Dungeon
  3457 | D:5      | Noticed Dowan
  3459 | D:5      | Noticed Duvessa
  3471 | D:5      | Killed Dowan
  3476 | D:5      | Killed Duvessa
  3476 | D:5      | Reached *** piety under Trog
  3476 | D:5      | Reached skill level 6 in Polearms
  3476 | D:5      | Reached skill level 5 in Dodging
  3740 | D:5      | Found a sand-covered staircase.
  3745 | Ossuary  | Entered an ossuary
  3772 | Ossuary  | Reached XP level 8. HP: 47/71 MP: 7/7
  4027 | Ossuary  | Reached skill level 7 in Polearms
  4581 | D:5      | Found a shimmering altar of Xom.
  4635 | D:5      | Reached XP level 9. HP: 70/81 MP: 8/8
  4709 | D:5      | Reached skill level 8 in Polearms
  4858 | D:5      | Noticed Crazy Yiuf
  4865 | D:5      | Killed Crazy Yiuf
  5284 | D:6      | Noticed Eustachio
  5632 | D:6      | Killed Eustachio
  5632 | D:6      | Reached skill level 1 in Bows
  6079 | D:7      | Found an iron altar of Okawaru.
  6128 | D:7      | HP: 4/123 [something/puff of flame (8)]
  6134 | D:7      | HP: 3/82 [poisoned by a worker ant]
  6139 | D:7      | HP: 3/82 [poisoned by a worker ant]
  6172 | D:7      | Noticed Aksel's ghost (novice HESk)
  6491 | D:7      | Killed Aksel's ghost
  6491 | D:7      | Reached skill level 9 in Polearms
  6719 | D:7      | Reached **** piety under Trog
  6767 | D:7      | Noticed Menkaure
  6771 | D:7      | Killed Menkaure
  7002 | D:7      | Reached XP level 10. HP: 90/90 MP: 9/9
  7388 | D:8      | Reached skill level 10 in Polearms
  7589 | D:8      | Found a sparkling altar of Nemelex Xobeh.
  7737 | D:9      | Reached skill level 5 in Bows
  7745 | D:9      | Found a deep blue altar of Sif Muna.
  8411 | D:10     | Entered Level 10 of the Dungeon
  8567 | D:10     | Noticed a deep elf mage
  8582 | D:10     | Killed a deep elf mage
  8753 | D:10     | Noticed a hill giant
  8780 | D:10     | Killed a hill giant
  9133 | D:10     | HP: 4/91 [komodo dragon (15)]
  9443 | D:10     | Reached skill level 11 in Polearms
  9622 | D:10     | Reached ***** piety under Trog
  9679 | D:10     | Reached XP level 11. HP: 91/99 MP: 10/10
  9744 | D:10     | Found a staircase to the Lair.
  9990 | D:10     | Found a staircase to the Orcish Mines.
 10440 | D:11     | Noticed tyranidshit's ghost (journeyman DDNe)
 10526 | D:11     | Killed tyranidshit's ghost
 10526 | D:11     | Reached skill level 10 in Fighting
 10652 | D:11     | Noticed a hill giant
 10666 | D:11     | Killed a hill giant
 11055 | D:11     | Found Peizaehane's Food Boutique.
 11096 | D:11     | Noticed a hill giant
 11108 | D:11     | Killed a hill giant
 11331 | D:11     | Received a gift from Trog
 11545 | Lair:1   | Entered Level 1 of the Lair of Beasts
 11597 | D:10     | Reached skill level 12 in Polearms
 11597 | D:10     | Reached skill level 10 in Armour
 11775 | Lair:1   | Mangled by a komodo dragon

Skill      XL: |  1  2  3  4  5  6  7  8  9 10 11 |
---------------+----------------------------------+-----
Armour         | 3 4 5 6 7 8 9 10 | 10.0
Dodging        | 3 4 5 6 7 8 9 |  9.4
Fighting       | 4 5 6 8 9 10 | 10.3
Polearms       | 4 5 6 7 9 11 12 | 12.0
Bows           | 3 6 8 |  8.2

Action                   |  1- 3 |  4- 6 |  7- 9 | 10-12 || total
-------------------------+-------+-------+-------+-------++-------
Melee: Spear             |    65 |   148 |   422 |   653 ||  1288
       Headbutt          |    10 |    18 |   109 |   118 ||   255
 Fire: Shortbow          |       |       |   106 |   137 ||   243
Invok: Berserk           |     1 |     3 |     3 |     5 ||    12
       Trog's Hand       |       |       |       |     2 ||     2
       Burn Spellbooks   |       |       |       |     1 ||     1
       Brothers in Arms  |       |       |       |     1 ||     1
  Use: Scroll            |       |       |     9 |    13 ||    22
  Eat: Bread ration      |     1 |       |       |       ||     1
       Chunk             |       |     6 |    12 |    21 ||    39
       Pizza             |       |       |     2 |     2 ||     4
       Meat ration       |       |       |       |     1 ||     1
       Beef jerky        |       |       |       |     1 ||     1
Armor: Leather armour    |     6 |       |       |     1 ||     7
       Scale mail        |     3 |    27 |   133 |   122 ||   285
Dodge: Dodged            |    18 |    58 |   233 |   235 ||   544
